 Dungeon Crawl Stone Soup version 0.20.1-2-g1830e616b0 (webtiles) character file.

230 Alfie the Shooter (level 6, -3/47 HPs)
             Began as a Human Hunter on Jan 31, 2020.
             Slain by an ogre
             ... wielding a +0 giant club
              (14 damage)
             ... on level 3 of the Dungeon.
             The game lasted 00:10:28 (2008 turns).

Alfie the Shooter (Human Hunter)                    Turns: 2008, Time: 00:10:29

Health: -3/47      AC:  3    Str: 15    XL:     6   Next: 24%
Magic:  6/6        EV: 12    Int: 11    God:
Gold:   95         SH:  0    Dex: 13    Spells: 5/5 levels left

rFire    . . .     SeeInvis .   a - +1 shortbow
rCold    . . .     Gourm    .   (shield currently unavailable)
rNeg     . . .     Faith    .   c - +0 leather armour
rPois    .         Spirit   .   (no helmet)
rElec    .         Reflect  .   (no cloak)
rCorr    .         Harm     .   (no gloves)
MR       .....                  (no boots)
Stlth    +.........             (no amulet)
Regen    0.2/turn               (no ring)
MPRegen  0.1/turn               (no ring)

@: no status effects
A: no striking features
a: no special abilities


You were on level 3 of the Dungeon.
You were not hungry.

You visited 1 branch of the dungeon, and saw 4 of its levels.

You collected 95 gold pieces.

Inventory:

Hand Weapons
 a - a +1 shortbow (weapon)
 b - a +0 short sword
 l - a +0 blowgun
Missiles
 d - 23 arrows (quivered)
 m - 6 curare-tipped needles
 o - 21 poisoned needles
Armour
 c - a +0 leather armour (worn)
 n - a +0 helmet
Jewellery
 h - an uncursed amulet of faith {unknown}
 j - a +2 ring of protection {unknown}
Scrolls
 i - a scroll of remove curse
 p - a scroll of amnesia {unknown}
 q - a scroll of random uselessness {unknown}
 r - a scroll of identify {unknown}
Potions
 e - a potion of invisibility {unknown}
 k - a potion of berserk rage {unknown}
 s - a potion of heal wounds {unknown}
Comestibles
 f - 2 bread rations
 g - 2 royal jellies
 t - a meat ration


   Skills:
 + Level 3.0 Fighting
 + Level 0.4 Short Blades
 + Level 6.2 Bows
 + Level 1.4 Armour
 + Level 2.2 Dodging
 + Level 1.0 Stealth


You had 5 spell levels left.
You didn't know any spells.

Dungeon Overview and Level Annotations

Branches:
Dungeon (4/15)
 Temple: D:4-7

Altars:
Hepliaklqana


Message History

Aim: an ogre, wielding a giant club (heavily wounded)
You shoot an arrow. The arrow hits the ogre.
The ogre is heavily wounded.
Firing (i - inventory):
d - 25 arrows (quivered)
Press: ? - help, Shift-Dir - straight line, f/p - ogre
Aim: an ogre, wielding a giant club (heavily wounded)
You shoot an arrow.
The arrow hits the ogre but does no damage.
The ogre is heavily wounded.
The ogre hits you with a giant club! The ogre hits you with a giant club!!
* * * LOW HITPOINT WARNING * * *
You climb upwards.
There is a stone staircase leading down here.
Firing (i - inventory):
d - 24 arrows (quivered)
Press: ? - help, Shift-Dir - straight line, f - ogre
Aim: an ogre, wielding a giant club (heavily wounded)
You shoot an arrow. The arrow barely misses the ogre.
The ogre hits you with a giant club!
You die...

######## ######......#
##################...........#
#......................#.###.#
#.##########.#########...# #..
#.# #..@..........## #.# #.#
#.O##########.# #.#
####.#########(.# #.# #.#
............##..# #.# #.#
####.)#####.....# #.####.#
##.# ##.#### #......# #.# #.#
#..##### #.# ##.## #..# #.#
#...# #..#


You could see an ogre.

Vanquished Creatures
  An orc wizard (D:3)
  Natasha (twice) (D:3)
  Robin (D:2)
  2 adders (D:2)
  A worm (D:2)
  3 dart slugs
  2 leopard geckos
  6 orcs (D:3)
  2 giant cockroaches
  14 goblins
  21 hobgoblins
  10 jackals
  17 kobolds
  A quokka (D:3)
  5 bats
  3 frilled lizards
  5 rats
96 creatures vanquished.

Notes
Turn   | Place    | Note
-------+----------+-------------------------------------------
     0 | D:1      | Alfie the Human Hunter began the quest for the Orb.
     0 | D:1      | Reached XP level 1. HP: 16/16 MP: 1/1
    15 | D:1      | Reached XP level 2. HP: 16/22 MP: 2/2
   188 | D:1      | Reached XP level 3. HP: 21/28 MP: 3/3
   601 | D:2      | Found a hazy altar of Hepliaklqana.
   619 | D:2      | Reached skill level 5 in Bows
   627 | D:2      | Reached XP level 4. HP: 34/34 MP: 4/4
   727 | D:2      | Noticed Robin
  1204 | D:2      | Reached XP level 5. HP: 39/39 MP: 5/5
  1258 | D:2      | Killed Robin
  1486 | D:3      | Reached skill level 1 in Armour
  1621 | D:3      | Noticed Natasha
  1623 | D:3      | Killed Natasha
  1623 | D:3      | Reached XP level 6. HP: 46/46 MP: 6/6
  1628 | D:3      | Reached skill level 6 in Bows
  1670 | D:3      | Noticed Natasha
  1677 | D:3      | Killed Natasha
  1999 | D:4      | Noticed an ogre
  2008 | D:3      | Slain by an ogre

Skill      XL: |  1  2  3  4  5  6 |
---------------+-------------------+-----
Bows           | 5 6 |  6.2
Armour         | 1 |  1.4
Fighting       | 3 |  3.0
Short Blades   | |  0.4
Dodging        | |  2.2
Stealth        | |  1.0

Action                   |  1- 3 |  4- 6 || total
-------------------------+-------+-------++-------
Melee: Short sword       |    13 |    19 ||    32
 Fire: Shortbow          |    87 |   152 ||   239
  Use: Scroll            |     5 |     1 ||     6
       Potion            |       |     1 ||     1
  Eat: Royal jelly       |       |     2 ||     2
Armor: Leather armour    |     9 |    13 ||    22
Dodge: Dodged            |    26 |    38 ||    64
